 Dungeon Crawl Stone Soup version 0.30-a0-304-gdc4b735fe1 (webtiles) character file.

Game seed: 16412900077313700336

36 Morbidden the Trooper (level 3, -9/34 HPs)
             Began as a Naga Fighter on Oct 20, 2022.
             Mangled by a gnoll
             ... wielding a +0 halberd
              (10 damage)
             ... on level 2 of the Dungeon.
             The game lasted 00:01:09 (901 turns).

Morbidden the Trooper (Naga Fighter)                 Turns: 901, Time: 00:01:09

Health: -9/34      AC:  6    Str: 18    XL:     3   Next: 37%
Magic:  3/3        EV:  4    Int: 10    God:
Gold:   87         SH:  4    Dex: 10    Spells: 2/2 levels left

rFire   . . .      SeeInvis +    a - +0 war axe
rCold   . . .      Faith    .    c - +0 buckler
rNeg    . . .      Spirit   .    e - +0 chain mail
rPois   +          Reflect  .    (no helmet)
rElec   .          Harm     .    (no cloak)
rCorr   .          Rampage  .    (no gloves)
Will    .....                    (no barding)
Stlth   ..........               (no amulet)
HPRegen 0.25/turn                (no ring)
MPRegen 0.08/turn                (no ring)

@: very slow
A: AC +1, large, see invisible, deformed body, poison resistance, slowness 2,
spit poison 1, naga tail 1
a: Spit Poison


You were on level 2 of the Dungeon.
You visited 1 branch of the dungeon, and saw 2 of its levels.

You collected 87 gold pieces.

Inventory:

Hand Weapons
 a - a +0 war axe (weapon)
Armour
 c - a +0 buckler (worn)
 e - a +0 chain mail (worn)
Wands
 i - a wand of charming (7)
Scrolls
 b - 3 scrolls of identify {unknown}
 f - 2 scrolls of teleportation {unknown}
 h - a scroll of silence {unknown}
Potions
 d - a potion of might


   Skills:
 + Level 3.3 Fighting
 + Level 2.2 Axes
 + Level 2.9 Armour
 + Level 0.1 Dodging
 + Level 3.0 Shields


You had 2 spell levels left.
You didn't know any spells.
Your spell library was empty.

Dungeon Overview and Level Annotations

Branches:
Dungeon (2/15)

Altars:

Shops:
D:1 ?


Innate Abilities, Weirdness & Mutations

Your serpentine skin is tough. (AC +1)
You have supernaturally acute eyesight. (SInv)
Armour fits poorly on your strangely shaped body.
Your system is resistant to poisons. (rPois)
You cover ground very slowly.
You can spit poison.
You have a snake-like lower body.


Message History

Unknown command.
It was a potion of curing.
You feel better.
You have got your breath back.
The gnoll hits you from afar with a +0 halberd.
The gnoll hits you but does no damage.
Unknown command.
You hit the gnoll but do no damage.
The gnoll is moderately wounded.
You block the gnoll's attack. x2; The gnoll hits you with a +0 spear.
The gnoll hits you from afar with a +0 halberd!
Unknown command.
You barely miss the gnoll.
The gnoll is severely wounded.
The gnoll looks more healthy.
The gnoll hits you but does no damage. The gnoll hits you with a +0 spear.
Unknown command.
You feel better. The gnoll hits you but does no damage.
The gnoll hits you from afar with a +0 halberd!
Unknown command.
You closely miss the gnoll.
The gnoll is severely wounded.
You block the gnoll's attack. The gnoll hits you with a +0 spear.
The gnoll barely misses you.
The gnoll hits you from afar with a +0 halberd!
* * * LOW HITPOINT WARNING * * *
Unknown command.
You slash the gnoll!
You kill the gnoll!
The gnoll barely misses you.
Unknown command.
Unknown command.
The gnoll hits you but does no damage.
The gnoll hits you from afar with a +0 spear.
* * * LOW HITPOINT WARNING * * *
There is an open door here.
Things that are here:
a +0 spear; a gnoll corpse Unknown command.
You completely miss the gnoll. The gnoll hits you with a +0 halberd!
You die...

#...........#.....#
#...........#.....#
#...........#.....#
#...........#.....#
#...........#..)..#
#...........#.....#
#)..........#.....#
#...........#.....#
#...........####@##
............####g#
##+#####......##g#
#......##S#
####......##g#
#.......###..####..
#.......[...........
#.......S..##.......
########g### .......


You could see 3 gnolls and a ball python.

Vanquished Creatures
  A gnoll (D:2)
  A dart slug (D:1)
  An endoplasm (D:1)
  3 goblins
  2 hobgoblins (D:1)
  4 jackals (D:1)
  A quokka (D:2)
  3 ball pythons (D:1)
  A bat (D:1)
  4 frilled lizards
  A rat (D:1)
22 creatures vanquished.

Notes
Turn   | Place    | Note
-------+----------+-------------------------------------------
     0 | D:1      | Morbidden the Naga Fighter began the quest for the Orb.
     0 | D:1      | Reached XP level 1. HP: 21/21 MP: 1/1
   164 | D:1      | Reached XP level 2. HP: 25/28 MP: 2/2
   212 | D:1      | Found Sogemoept's Magic Scroll Boutique.
   604 | D:2      | Reached XP level 3. HP: 14/34 MP: 3/3
   898 | D:2      | HP: 1/34 [gnoll/+0 halberd (10)]
   901 | D:2      | Mangled by a gnoll

Illustrated notes

Levels and vault maps discovered:
D:1:      nicolae_arrival_memento_mori, layout_basic, serial_shops,
          nicolae_diamond_shop
D:2:      layout_basic

Skill      XL: |  1  2  3 |
---------------+----------+-----
Shields        | 3 |  3.0
Fighting       | |  3.3
Axes           | |  2.2
Armour         | |  2.9
Dodging        | |  0.1

Action                   || total
-------------------------++-------
Melee: War axe           ||    66
 Abil: Spit Poison       ||     4
  Use: Potion            ||     2
Armor: Scale mail        ||     7
       Chain mail        ||    37
Dodge: Dodged            ||    28
Block: Buckler           ||    29

Table legend: (Time is in decaauts)
 A = Elapsed time spent in this place.
 B = Non-inter-level travel time spent in this place.
 C = Inter-level travel time spent in this place.
 D = Time resting spent in this place.
 E = Time spent auto-exploring this place.
 F = Levels seen in this place.
 G = Mean time per level.
                   A        B        C        D        E       F      G
               +--------+--------+--------+--------+--------+-----+--------+
         Total |   1110 |   1088 |     22 |    247 |    610 |   2 |  555.0 |
       Dungeon |   1110 |   1088 |     22 |    247 |    610 |   2 |  555.0 |
               +--------+--------+--------+--------+--------+-----+--------+

Top non-repeatable levels by time:
     D:1: 654 daAuts
     D:2: 455 daAuts
